General information
- name: BNet
- type: Ladder team game (AT/RT)
- host: Battle.net
- saver: khr8098i
map: Cherryville
- players: 8
- length: 13:16
- speed: Fast
- version: 1.27 W3XP
- replay type: Public
» download(86 KB)
Players
team 1 (winner)
seerseer69 (
pink | 51 APM | 680 actions | 13:14)
2 Priestess of the Moon
1 Searing Arrows
1 Trueshot Aura
» actions
| Assign group hotkey | 9 | |
| Basic commands | 7 | |
| Build / train | 68 | |
| Enter build submenu | 14 | |
| Enter hero's abilities submenu | 2 | |
| Remove unit from queue | 1 | |
| Right click | 309 | |
| Select / deselect | 235 | |
| Select group hotkey | 5 | |
| Use ability | 30 | |
680 total
» units
| Wisp | 27 | |
| Archer | 20 | |
| Hippogryph | 7 | |
54 total
» upgrades
| Strength of the Moon | 1 | |
| Moon Armor | 2 | |
| Hippogryph Taming | 1 | |
| Improved Bows | 1 | |
| Nature's Blessing | 1 | |
6 total
» buildings
| Altar of Elders | 1 | |
| Ancient of War | 1 | |
| Moon Well | 6 | |
| Tree of Ages | 1 | |
| Hunter's Hall | 1 | |
| Ancient of Wonders | 1 | |
| Tree of Life | 1 | |
| Ancient of Wind | 2 | |
| Tree of Eternity | 2 | |
16 total
» build order
00:28 Altar of Elders
00:32 Ancient of War
00:36 Moon Well
02:07 Moon Well
02:23 Moon Well
04:09 Moon Well
05:09 Tree of Ages
05:14 Hunter's Hall
05:20 Ancient of Wonders
07:05 Tree of Life
07:32 Ancient of Wind
08:05 Tree of Eternity
08:05 Tree of Eternity
09:09 Ancient of Wind
10:21 Moon Well
10:24 Moon Well
» items
juca- (
teal | 54 APM | 720 actions | 13:14)
3 Priestess of the Moon
2 Trueshot Aura
1 Searing Arrows
1 Keeper of the Grove
1 Entangling Roots
» actions
| Assign group hotkey | 14 | |
| Build / train | 58 | |
| Enter build submenu | 17 | |
| Enter hero's abilities submenu | 4 | |
| Remove unit from queue | 1 | |
| Right click | 246 | |
| Select / deselect | 227 | |
| Select group hotkey | 119 | |
| Use ability | 34 | |
720 total
» units
| Wisp | 15 | |
| Archer | 17 | |
| Hippogryph | 9 | |
41 total
» upgrades
| Improved Bows | 1 | |
| Hippogryph Taming | 1 | |
| Strength of the Moon | 1 | |
| Moon Armor | 1 | |
4 total
» buildings
| Moon Well | 7 | |
| Altar of Elders | 1 | |
| Ancient of War | 2 | |
| Tree of Ages | 4 | |
| Tree of Life | 1 | |
| Ancient of Wonders | 1 | |
| Ancient of Wind | 2 | |
| Hunter's Hall | 1 | |
19 total
» build order
00:19 Moon Well
00:32 Altar of Elders
00:48 Moon Well
01:34 Ancient of War
01:59 Ancient of War
02:12 Moon Well
02:57 Tree of Ages
02:57 Tree of Ages
02:57 Tree of Ages
02:58 Tree of Ages
05:16 Tree of Life
06:21 Moon Well
06:25 Moon Well
06:31 Ancient of Wonders
06:36 Ancient of Wind
06:40 Ancient of Wind
09:03 Moon Well
10:01 Moon Well
10:45 Hunter's Hall
» items
Solobmw (
red | 26 APM | 345 actions | 13:14)
4 Mountain King
2 Storm Bolt
2 Bash
» actions
| Build / train | 37 | |
| Enter build submenu | 17 | |
| Enter hero's abilities submenu | 4 | |
| Right click | 134 | |
| Select / deselect | 127 | |
| Use ability | 26 | |
345 total
» units
| Peasant | 9 | |
| Footman | 6 | |
| Goblin Shredder | 1 | |
| Gryphon Rider | 6 | |
22 total
» upgrades
| Storm Hammers | 1 | |
| Swords | 2 | |
| Masonry | 2 | |
| Animal War Training | 1 | |
| Armor | 1 | |
7 total
» buildings
| Altar of Kings | 1 | |
| Farm | 8 | |
| Barracks | 1 | |
| Keep | 1 | |
| Scout Tower | 1 | |
| Arcane Tower | 1 | |
| Lumber Mill | 1 | |
| Blacksmith | 1 | |
| Arcane Vault | 1 | |
| Town Hall | 1 | |
| Castle | 1 | |
| Gryphon Aviary | 2 | |
20 total
» build order
00:08 Altar of Kings
00:10 Farm
00:29 Barracks
00:47 Farm
01:42 Farm
02:46 Keep
03:09 Scout Tower
03:38 Arcane Tower
03:49 Lumber Mill
04:09 Blacksmith
04:58 Arcane Vault
05:13 Town Hall
05:46 Farm
05:50 Castle
07:28 Gryphon Aviary
07:30 Gryphon Aviary
08:08 Farm
08:11 Farm
09:18 Farm
09:33 Farm
khr8098i (
green | 44 APM | 581 actions | 13:16)
2 Blood Mage
1 Banish
1 Siphon Mana
» actions
| Assign group hotkey | 16 | |
| Basic commands | 9 | |
| Build / train | 45 | |
| Enter build submenu | 19 | |
| Enter hero's abilities submenu | 2 | |
| Remove unit from queue | 2 | |
| Right click | 251 | |
| Select / deselect | 134 | |
| Select group hotkey | 60 | |
| Use ability | 43 | |
581 total
» units
» upgrades
| Gunpowder | 3 | |
| Armor | 3 | |
| Masonry | 2 | |
| Flare | 1 | |
| Fragmentation Shards | 1 | |
10 total
» buildings
| Lumber Mill | 2 | |
| Farm | 8 | |
| Altar of Kings | 1 | |
| Blacksmith | 1 | |
| Scout Tower | 1 | |
| Keep | 2 | |
| Arcane Tower | 1 | |
| Castle | 2 | |
| Workshop | 4 | |
22 total
» build order
00:29 Lumber Mill
01:17 Farm
01:30 Altar of Kings
01:32 Farm
01:35 Blacksmith
02:15 Lumber Mill
02:22 Farm
02:37 Scout Tower
03:14 Keep
03:15 Keep
03:20 Arcane Tower
03:26 Farm
05:34 Farm
05:37 Castle
05:37 Castle
05:40 Workshop
05:43 Workshop
05:45 Workshop
05:57 Workshop
06:25 Farm
06:28 Farm
07:21 Farm
team 2 (loser)
IWantYouTonight (
orange | 105 APM | 1321 actions | 12:33)
3 Death Knight
2 Death Coil
1 Unholy Aura
1 Lich
1 Frost Nova
» actions
| Assign group hotkey | 464 | |
| Build / train | 55 | |
| Enter build submenu | 16 | |
| Enter hero's abilities submenu | 4 | |
| Give item / drop item | 3 | |
| Right click | 582 | |
| Select / deselect | 121 | |
| Select group hotkey | 31 | |
| Use ability | 45 | |
1321 total
» units
| Acolyte | 7 | |
| Ghoul | 10 | |
| Crypt Fiend | 7 | |
24 total
» upgrades
| Web | 1 | |
| Creature Attack | 1 | |
| Burrow | 1 | |
| Creature Carapace | 1 | |
4 total
» buildings
| Altar of Darkness | 1 | |
| Ziggurat | 5 | |
| Crypt | 1 | |
| Graveyard | 1 | |
| Tomb of Relics | 2 | |
| Nerubian Tower | 2 | |
| Halls of the Dead | 1 | |
| Necropolis | 2 | |
| Black Citadel | 2 | |
| Spirit Tower | 1 | |
| Sacrificial Pit | 1 | |
19 total
» build order
00:08 Altar of Darkness
00:10 Ziggurat
00:38 Crypt
01:01 Graveyard
01:17 Tomb of Relics
01:32 Ziggurat
02:09 Nerubian Tower
04:37 Ziggurat
05:19 Halls of the Dead
05:43 Nerubian Tower
06:09 Necropolis
06:14 Tomb of Relics
06:54 Ziggurat
07:51 Black Citadel
07:51 Black Citadel
08:55 Spirit Tower
08:58 Ziggurat
09:03 Necropolis
10:14 Sacrificial Pit
» items
| Rod of Necromancy | 6 | |
| Sacrificial Skull | 1 | |
| Scroll of Town Portal | 1 | |
| Boots of Speed | 1 | |
| Periapt of Vitality | 1 | |
| Potion of Lesser Invulnerability | 1 | |
| Scroll of Healing | 2 | |
13 total
TeamPlayer (
blue | 14 APM | 158 actions | 11:09)
1 Archmage
1 Summon Water Elemental
» actions
| Basic commands | 7 | |
| Build / train | 23 | |
| Enter build submenu | 7 | |
| Enter hero's abilities submenu | 1 | |
| Right click | 47 | |
| Select / deselect | 48 | |
| Use ability | 25 | |
158 total
» units
» upgrades
» buildings
| Altar of Kings | 1 | |
| Farm | 3 | |
| Lumber Mill | 1 | |
| Blacksmith | 1 | |
| Keep | 1 | |
7 total
» build order
07:52 Altar of Kings
08:09 Farm
08:24 Lumber Mill
08:44 Farm
08:51 Farm
09:35 Blacksmith
10:24 Keep
0utterlimit (
purple | 112 APM | 1236 actions | 11:04)
3 Far Seer
2 Feral Spirit
1 Chain Lighting
2 Shadow Hunter
1 Healing Wave
1 Hex
» actions
| Assign group hotkey | 25 | |
| Build / train | 31 | |
| Enter build submenu | 14 | |
| Enter hero's abilities submenu | 5 | |
| Give item / drop item | 1 | |
| Right click | 373 | |
| Select / deselect | 123 | |
| Select group hotkey | 620 | |
| Use ability | 44 | |
1236 total
» units
» upgrades
| Berserker Strength | 1 | |
| Shaman Training | 2 | |
3 total
» buildings
| Altar of Storms | 1 | |
| Orc Burrow | 6 | |
| Barracks | 1 | |
| Voodoo Lounge | 2 | |
| Stronghold | 1 | |
| War Mill | 1 | |
| Spirit Lodge | 1 | |
| Fortress | 1 | |
| Tauren Totem | 2 | |
| Great Hall | 1 | |
17 total
» build order
00:07 Altar of Storms
00:08 Orc Burrow
00:52 Barracks
01:35 Orc Burrow
02:05 Voodoo Lounge
03:10 Stronghold
04:08 War Mill
04:16 Orc Burrow
04:49 Voodoo Lounge
06:11 Spirit Lodge
06:15 Fortress
07:36 Orc Burrow
08:58 Tauren Totem
08:59 Tauren Totem
09:03 Orc Burrow
09:03 Orc Burrow
10:17 Great Hall
» items
| Healing Salve | 1 | |
| Lesser Clarity Potion | 2 | |
3 total
sobrietyloses (
yellow | 33 APM | 442 actions | 13:13)
3 Archmage
2 Summon Water Elemental
1 Brilliance Aura
» actions
| Assign group hotkey | 2 | |
| Build / train | 47 | |
| ESC pressed | 2 | |
| Enter build submenu | 21 | |
| Enter hero's abilities submenu | 3 | |
| Give item / drop item | 2 | |
| Right click | 204 | |
| Select / deselect | 130 | |
| Select group hotkey | 1 | |
| Use ability | 30 | |
442 total
» units
| Peasant | 15 | |
| Rifleman | 12 | |
| Priest | 2 | |
| Flying Machine | 3 | |
32 total
» upgrades
| Gunpowder | 1 | |
| Priest Training | 1 | |
| Long Rifles | 1 | |
3 total
» buildings
| Altar of Kings | 1 | |
| Farm | 7 | |
| Blacksmith | 1 | |
| Barracks | 1 | |
| Lumber Mill | 2 | |
| Scout Tower | 5 | |
| Guard Tower | 3 | |
| Keep | 1 | |
| Town Hall | 1 | |
| Arcane Sanctum | 1 | |
| Workshop | 1 | |
| Castle | 1 | |
25 total
» build order
00:05 Altar of Kings
00:10 Farm
00:29 Blacksmith
01:02 Farm
01:52 Barracks
02:20 Farm
03:03 Lumber Mill
03:13 Lumber Mill
03:17 Farm
04:02 Scout Tower
04:42 Farm
04:47 Guard Tower
05:11 Keep
05:30 Scout Tower
05:44 Farm
06:56 Guard Tower
07:53 Town Hall
08:03 Arcane Sanctum
09:55 Workshop
09:57 Castle
11:52 Scout Tower
11:56 Farm
12:28 Scout Tower
12:30 Guard Tower
12:44 Scout Tower
» items
| Scroll of Speed | 1 | |
| Healing Salve | 1 | |
2 total
Chat log
(01:01 / Allies) Solobmw: gryphons
(01:17 / Allies) seerseer69: hippo archers
(01:25 / Allies) khr8098i: im a mort assassin
(01:34 / Allies) Solobmw: oh god
(01:44 / Allies) seerseer69: good but fuck you green
(01:44 / Allies) khr8098i: wat
(01:48 / Allies) seerseer69: jk haha
(01:51 / Allies) khr8098i: lol
(01:56 / Allies) khr8098i: did i play against u guys before?
(02:00 / Allies) seerseer69: th killers are so annoying
(02:07 / Allies) Solobmw: yeah
(02:12 / Allies) khr8098i: i leave all my enemies enraged and annoyed lol
(02:18 / Allies) khr8098i: which game was this?
(02:28 / Allies) Solobmw: i never played you before
(02:47 / Allies) khr8098i: well get ready to see some magic if all goes well
(02:54 / Allies) Solobmw: :)
(06:05 / Allies) khr8098i: got 4 shops running
(06:13 / Allies) khr8098i: need someone to feed me for a bit till i have a dozen morts
(06:18 / Allies) khr8098i: then ill go assassinate someone
(07:02 / Allies) khr8098i: red can ugold me a bit
(07:08 / Allies) khr8098i: time is of the essence
(07:15 / Allies) khr8098i: ty
(07:43 / Allies) seerseer69: omw
(09:11 / Allies) khr8098i: time to hit
(09:14 / Allies) khr8098i: lets hit blue
(09:15 / Allies) khr8098i: he feeding
(11:15 / Allies) khr8098i: im a mort assassin
(11:16 / All) sobrietyloses: lol
(11:26 / All) khr8098i: im a mort assassin
(11:27 / Allies) Solobmw: nice work
(11:59 / Allies) khr8098i: ty red
(12:04 / Allies) Solobmw: np
(12:17 / Allies) Solobmw: the first mort assasin ive ever played with
(12:22 / Allies) khr8098i: lol
(12:23 / Allies) Solobmw: that actually worked
(13:11 / Allies) khr8098i: teal red